 Dungeon Crawl Stone Soup version 0.18.1-2-ga659475 (webtiles) character file.

95 varam the Digger (level 4, -4/24 HPs)
             Began as a Gargoyle Earth Elementalist on May 8, 2016.
             Was an Initiate of Vehumet.
             Slain by George's ghost (14 damage)
             ... on level 3 of the Dungeon.
             The game lasted 00:11:27 (2608 turns).

varam the Digger (Gargoyle Earth Elementalist)      Turns: 2608, Time: 00:11:28

Health: -4/24      AC:  5    Str: 12    XL:     4   Next: 66%
Magic:  6/9        EV:  7    Int: 16    God:    Vehumet [......]
Gold:   142        SH:  0    Dex: 10    Spells: 2 memorised, 5 levels left

rFire  . . .     SeeInvis .     x - 114 stones
rCold  . . .     Gourm    .     a - +0 robe
rNeg   + . .     Faith    .     (no shield)
rPois  ∞         Spirit   .     (no helmet)
rElec  +         Dismiss  .     (no cloak)
rCorr  .         Reflect  .     (no gloves)
SustAt .         Harm     .     (no boots)
MR     .....                    (no amulet)
Stlth  ++........               (no ring)
                                (no ring)

@: not resistant to hostile enchantments, unstealthy
A: negative energy resistance 1, electricity resistance, unbreathing,
petrification resistance, rot immunity, AC +3
a: Renounce Religion


You were on level 3 of the Dungeon.
You worshipped Vehumet.
Vehumet was noncommittal.
You were not hungry.

You visited 1 branch of the dungeon, and saw 3 of its levels.

You collected 142 gold pieces.

Inventory:

Hand Weapons
 w - a +0 whip
Missiles
 x - 114 stones (in hand)
Armour
 a - a +0 robe (worn)
 e - a +1 buckler of fire resistance
Jewellery
 n - a cursed ring of loudness {unknown}
Scrolls
 b - a scroll of remove curse {unknown}
 h - 7 scrolls of identify {unknown}
 j - 2 scrolls of enchant weapon {unknown}
 k - a scroll of fog {unknown}
 m - a scroll of fear {unknown}
 o - a scroll of enchant armour {unknown}
 q - a scroll of amnesia {unknown}
Potions
 g - a potion of might {unknown}
 i - 2 potions of heal wounds {unknown}
 l - a potion of resistance {unknown}
Books
 c - a book of Geomancy

   Spells                             Type                      Level
   a - Sandblast                      Earth                        1
   b - Passwall                       Transmutation/Earth          2
   c - Stone Arrow                    Conjuration/Earth            3
   d - Petrify                        Transmutation/Earth          4
   e - Lee's Rapid Deconstruction     Earth                        5
Comestibles
 d - 4 bread rations
 f - 8 chunks of flesh
 p - a meat ration
 r - 4 fruits
 s - a slice of pizza


   Skills:
 + Level 0.0 Fighting
 - Level 1.5 Dodging
 - Level 2.1 Stealth
 * Level 3.3 Spellcasting
 + Level 1.0 Conjurations
   Level 0.7 Transmutations
 + Level 4.8 Earth Magic


You had 5 spell levels left.
You knew the following spells:

 Your Spells              Type           Power        Failure   Level  Hunger
a - Sandblast             Erth           ###...       2%          1    None
b - Stone Arrow           Conj/Erth      ##....       17%         3    ###....


Dungeon Overview and Level Annotations

Branches:
Dungeon (3/15)

Altars:
Kikubaaqudgha
Makhleb
Vehumet
Yredelemnul

Annotations:
D:3 George's ghost, amateur DsGl


Innate Abilities, Weirdness & Mutations

You are resistant to torment.
Your stone body is resilient (AC +3).
You are immune to poison.
You resist negative energy.
You are resistant to electric shocks.
You can survive without breathing.
You are immune to petrification.
You are immune to rotting.


Message History

Casting: Sandblast
Confirm with . or Enter, or press ? or * to list all spells.
Aiming: Sandblast
Press: ? - help, Shift-Dir - straight line, f/p - bat
Aim: a bat (severely wounded)
The rocky blast hits the bat.
You kill the bat!
Vehumet accepts your kill. George's ghost hits you.
You clumsily bash George's ghost but do no damage.
George's ghost hits you.
George's ghost hits you but does no damage.
You clumsily bash George's ghost but do no damage.
George's ghost hits you! George's ghost closely misses you.
George's ghost barely misses you.
There is a stone staircase leading up here.
George's ghost hits you!
Ouch! That really hurt!
You die...

###### ..##.#############
#.#........).....#
#.##.###########.#
###.###.#..............###
...>......................
##.###.#@W...............
#.....#####....######...
#....b.. ..............
......)### ##....######...
...W... #...[# #...
....... ###### #...
.(..... #... ##.r... #...
#...


You could see George's ghost.

Vanquished Creatures
  2 adders
  An ooze (D:2)
  A worm (D:3)
  A dart slug (D:2)
  2 giant geckos
  3 orcs (D:3)
  2 ball pythons
  3 giant cockroaches
  6 goblins
  8 hobgoblins
  4 jackals (D:1)
  11 kobolds
  8 bats
  3 giant newts
  7 rats
62 creatures vanquished.

Notes
Turn   | Place    | Note
--------------------------------------------------------------
     0 | D:1      | varam the Gargoyle Earth Elementalist began the quest for the Orb.
     0 | D:1      | Reached XP level 1. HP: 10/10 MP: 3/3
   509 | D:1      | Reached skill level 4 in Earth Magic
   509 | D:1      | Reached XP level 2. HP: 15/15 MP: 1/5
  1251 | D:1      | Reached XP level 3. HP: 17/19 MP: 1/6
  1312 | D:1      | Learned a level 3 spell: Stone Arrow
  1352 | D:2      | Found a basalt altar of Yredelemnul.
  2036 | D:2      | Reached XP level 4. HP: 24/24 MP: 6/8
  2101 | D:2      | Found an ancient bone altar of Kikubaaqudgha.
  2142 | D:2      | Found a radiant altar of Vehumet.
  2153 | D:2      | Became a worshipper of Vehumet
  2376 | D:3      | Found a burning altar of Makhleb.
  2539 | D:3      | Reached skill level 1 in Conjurations
  2590 | D:3      | Noticed George's ghost (amateur DsGl)
  2608 | D:3      | Slain by George's ghost

Skill      XL: |  1  2  3  4 |
---------------+-------------+-----
Earth Magic    | 4 |  4.8
Spellcasting   | 3 |  3.3
Conjurations   | 1 |  1.0
Dodging        | |  1.5
Stealth        | |  2.1
Transmutations | |  0.7

Action                   |  1- 3 |  4- 6 || total
-------------------------+-------+-------++-------
Melee: Whip              |    43 |       ||    43
 Cast: Sandblast         |    63 |    31 ||    94
       Stone Arrow       |     4 |       ||     4
 Stab: Sleeping          |     1 |       ||     1
  Eat: Chunk             |     5 |     1 ||     6
Armor: Robe              |    37 |     6 ||    43
Dodge: Dodged            |    71 |    16 ||    87
